 Dungeon Crawl Stone Soup version 0.22-a0-425-g89d60a1 (webtiles) character file.

1033 KristoblXynda the Carver (level 8, 0/91 HPs)
             Began as a Purple Draconian Gladiator on May 24, 2018.
             Slain by Ratty's ghost (7 damage)
             ... on level 7 of the Dungeon.
             The game lasted 00:09:38 (3454 turns).

KristoblXynda the Carver (DrGl)                     Turns: 3454, Time: 00:09:39

Health: 0/91       AC: 24    Str: 18    XL:     8   Next: 3%
Magic:  0/8        EV:  2    Int: 10    God:
Gold:   237        SH:  0    Dex: 12    Spells: 7/7 levels left

rFire    . . .     SeeInvis .   a - +0 long sword
rCold    . . .     Gourm    .   (no shield)
rNeg     + + +     Faith    .   (armour unavailable)
rPois    +         Spirit   +   (helmet currently unavailable)
rElec    .         Reflect  .   (cloak currently unavailable)
rCorr    .         Harm     .   (gloves currently unavailable)
MR       ++...     NoTele   +   (boots currently unavailable)
Stlth    +.........             h - amulet of guardian spirit
HPRegen  0.25/turn              o - +2 ring of slaying
MPRegen  0.11/turn              (no ring)

@: tree-form, berserk cooldown, slowed, very slow
A: (breathe power), unfitting armour, magic resistance 1, evolution 1, AC +6
a: no special abilities


You were on level 7 of the Dungeon.
You were hungry.
You were a tree.
You visited 1 branch of the dungeon, and saw 7 of its levels.

You collected 237 gold pieces.

Inventory:

Hand Weapons
 a - a +0 long sword (weapon)
Missiles
 c - 3 throwing nets (quivered)
Armour
 b - a +0 hat (melded)
 r - a scarf of repulsion (melded)
Jewellery
 h - an amulet of guardian spirit (around neck)
 o - a +2 ring of slaying (left branch)
Wands
 s - a wand of clouds (4)
 y - a wand of enslavement (7)
 A - a wand of random effects (29)
Scrolls
 j - 3 scrolls of magic mapping {unknown}
 l - 2 scrolls of remove curse
 m - a scroll of amnesia {unknown}
 p - a scroll of enchant armour {unknown}
 t - a scroll of blinking {unknown}
 u - a scroll of enchant weapon {unknown}
Potions
 e - a potion of invisibility {unknown}
 f - a potion of berserk rage
 g - a potion of magic
 i - 4 potions of flight
 n - a potion of mutation
 q - a potion of cancellation
 v - a potion of might {unknown}
 B - a potion of lignification
Comestibles
 d - 7 rations
 z - 3 chunks of flesh


   Skills:
 - Level 2.2 Fighting
 * Level 8.1 Long Blades
 - Level 2.1 Throwing
 + Level 5.5 Dodging


You had 7 spell levels left.
You didn't know any spells.
Your spell library was empty.

Dungeon Overview and Level Annotations

Branches:
Dungeon (8/15)
 Temple: D:4-7         Lair: D:8-11

Altars:

Annotations:
D:7 Ratty's ghost, novice VSTm
D:8 Erica


Innate Abilities, Weirdness & Mutations

((You can breathe bolts of dispelling energy.))
((Your rich purple scales are hard. (AC +6)))
You cannot fit into any form of body armour.
((You are cold-blooded and may be slowed by cold attacks.))
You are resistant to hostile enchantments. (MR+)
You evolve.


Message History

* * * LOW HITPOINT WARNING * * *
The centaur shoots an arrow.
The arrow hits you.
* * * LOW HITPOINT WARNING * * *
The arrow freezes you.
* * * LOW HITPOINT WARNING * * *
Ratty's ghost closely misses you.
It was a potion of lignification.
You turn into a tree.
Your scarf of repulsion melds into your body.
Your +0 hat melds into your body.
The haze of the repulsion field disappears.
Your roots penetrate the ground.
You feel strangely stable.
The centaur shoots an arrow.
The arrow barely misses you.
Ratty's ghost hits you but does no damage.
The centaur shoots an arrow.
The arrow barely misses you.
You closely miss Ratty's ghost.
The centaur shoots an arrow.
The arrow hits you but does no damage.
Ratty's ghost hits you but does no damage.
Ratty's ghost screams, "They lied to you.
The Dungeon just goes down and down forever."
Ratty's ghost hits you!
You die...

...... #######
...... ...$...
......##.....#
.............#
.<...........#.
...............
........W.<[...
...c...♣.(.....
.....#######...
... .


You could see a centaur and Ratty's ghost.

Vanquished Creatures
  A hippogriff (D:7)
  Sigmund (D:3)
  2 ogres
  3 hounds
  An orc wizard (D:4)
  3 orc priests (D:4)
  A bullfrog skeleton (D:4)
  Ijyb (D:3)
  3 worker ants
  3 gnolls (D:2)
  7 adders
  An ooze (D:4)
  2 adder skeletons (D:4)
  A worm (D:2)
  A dart slug (D:3)
  3 leopard geckos (D:5)
  11 orcs (D:4)
  9 giant cockroaches
  4 goblins
  4 hobgoblins
  7 jackals
  7 kobolds
  7 bats
  3 frilled lizards
  6 rats
92 creatures vanquished.

Notes
Turn   | Place    | Note
-------+----------+-------------------------------------------
     0 | D:1      | KristoblXynda the Draconian Gladiator began the quest for the Orb.
     0 | D:1      | Reached XP level 1. HP: 17/17 MP: 1/1
   304 | D:1      | Reached XP level 2. HP: 23/24 MP: 2/2
   983 | D:2      | Reached XP level 3. HP: 21/29 MP: 3/3
  1116 | D:2      | Reached skill level 4 in Long Blades
  1123 | D:2      | Reached XP level 4. HP: 22/36 MP: 4/4
  1731 | D:3      | Noticed Sigmund
  1741 | D:3      | Killed Sigmund
  1741 | D:3      | Reached skill level 5 in Long Blades
  1741 | D:3      | Reached XP level 5. HP: 41/41 MP: 5/5
  1913 | D:3      | Reached XP level 6. HP: 35/48 MP: 4/6
  1922 | D:3      | Noticed Ijyb
  1934 | D:3      | Killed Ijyb
  2418 | D:4      | Reached skill level 6 in Long Blades
  2653 | D:4      | Your scales start taking on a rich purple colour.
  2653 | D:4      | Reached XP level 7. HP: 44/55 MP: 5/7
  2880 | D:4      | Reached skill level 7 in Long Blades
  3097 | D:5      | Entered Level 5 of the Dungeon
  3111 | D:5      | Reached skill level 5 in Dodging
  3421 | D:5      | You fall through a shaft for 3 floors!
  3421 | D:8      | Noticed a hippogriff
  3426 | D:8      | Noticed Erica
  3428 | D:8      | Noticed a two-headed ogre
  3437 | D:7      | Killed a hippogriff
  3437 | D:7      | Reached skill level 8 in Long Blades
  3437 | D:7      | Reached XP level 8. HP: 18/61 MP: 2/8
  3445 | D:7      | Gained mutation: You are resistant to hostile enchantments. (MR+) [potion of mutation]
  3445 | D:7      | Gained mutation: You evolve. [potion of mutation]
  3450 | D:7      | Noticed Ratty's ghost (novice VSTm)
  3454 | D:7      | Slain by Ratty's ghost

Vault maps used:
D:1:      saegor_arrival_simple_a
D:3:      first_ration, uniq_ijyb, uniq_sigmund
D:5:      serial_shops, shop, dk_vineyard_2, corexii_hall_statues_deadend,
          grunt_decor_resistance
D:7:      lemuel_mausoleum_altar_yredelemnul, minmay_temple_entry_mist,
          nicolae_gozag_seed_capital
D:8:      uniq_erica, uniq_joseph, uniq_pikel

Skill      XL: |  1  2  3  4  5  6  7 |
---------------+----------------------+-----
Throwing       | 2 |  2.1
Dodging        | 3 4 5 |  5.5
Long Blades    | 4 5 6 8 |  8.1
Fighting       | |  2.2

Action                   |  1- 3 |  4- 6 |  7- 9 || total
-------------------------+-------+-------+-------++-------
Melee: Long sword        |    74 |   128 |    84 ||   286
       Tailslap          |    13 |    15 |    10 ||    38
 Abil: Breathe Dispellin |       |       |     3 ||     3
  Use: Scroll            |       |     5 |     4 ||     9
       Potion            |       |     1 |     5 ||     6
  Eat: Chunk             |       |     2 |     3 ||     5
       Ration            |       |     1 |       ||     1
Armor: Skin              |    25 |    36 |    34 ||    95
Dodge: Dodged            |    75 |    95 |    68 ||   238
       Deflected         |       |       |     1 ||     1
       Rpst.: Long sword |    19 |    32 |    18 ||    69

Table legend:
 A = Spawn XP
 B = Non-spawn XP
 C = Spawn XP percentage of total XP
 D = Spawn monster count
 E = Non-spawn monster count
 F = Spawn count percentage of total count
 G = Total turns spent on level
                    A         B        C        D         E        F      G
               +---------+---------+-------+---------+---------+-------+---------
         Total |       0 |    1477 |   0.0 |       0 |      92 |   0.0 |  3454
               +---------+---------+-------+---------+---------+-------+---------
           D:1 |       0 |      29 |   0.0 |       0 |      19 |   0.0 |   871
           D:2 |       0 |      74 |   0.0 |       0 |      13 |   0.0 |   697
           D:3 |       0 |     325 |   0.0 |       0 |      22 |   0.0 |   670
           D:4 |       0 |     514 |   0.0 |       0 |      28 |   0.0 |   859
           D:5 |       0 |     273 |   0.0 |       0 |       9 |   0.0 |   324
           D:7 |       0 |     262 |   0.0 |       0 |       1 |   0.0 |    23
               +---------+---------+-------+---------+---------+-------+---------
